 Dungeon Crawl Stone Soup version 0.26-a0-597-gb535b0901c (webtiles) character file.

Game seed: 14881772440513902262

243 jt the Chiller (level 6, -1/36 HPs)
             Began as an Octopode Ice Elementalist on Sept 13, 2020.
             Was an Initiate of Okawaru.
             Slain by an ice beast (13 damage)
             ... on level 4 of the Dungeon.
             The game lasted 00:11:24 (4791 turns).

jt the Chiller (Octopode Ice Elementalist)          Turns: 4791, Time: 00:11:24

Health: -1/36      AC:  1    Str:  7    XL:     6   Next: 9%
Magic:  11/11      EV: 12    Int: 20    God:    Okawaru [......]
Gold:   239        SH:  3    Dex: 12    Spells: 4/12 levels left

rFire    . . .     SeeInvis .   a - +0 dagger
rCold    . . .     Faith    .   o - +0 buckler
rNeg     . . .     Spirit   .   (helmet restricted)
rPois    .         Reflect  .   e - amulet of magic regeneration
rElec    .         Harm     .   c - ring of wizardry
rCorr    .                      (no ring)
MR       .....                  (no ring)
Stlth    +++.......             (no ring)
HPRegen  0.12/turn              (no ring)
MPRegen  0.37/turn              (no ring)
                                (no ring)
                                (no ring)

@: no status effects
A: almost no armour, stealthy swim, amphibious, 8 rings, constrict 8, camouflage
1, gelatinous body 1
a: Renounce Religion


You were on level 4 of the Dungeon.
You worshipped Okawaru.
Okawaru was noncommittal.
You visited 1 branch of the dungeon, and saw 5 of its levels.

You collected 239 gold pieces.

Inventory:

Hand Weapons
 a - a +0 dagger (weapon)
 b - a +1 fustibalus
 h - a +1 mace of venom
 r - a +0 spear
Missiles
 j - 52 stones (quivered)
 m - 27 arrows
 s - 15 sling bullets
Armour
 o - a +0 buckler (worn)
Jewellery
 c - a ring of wizardry (left tentacle)
 e - an amulet of magic regeneration (around mantle)
Wands
 t - a wand of iceblast (11)
Scrolls
 d - 4 scrolls of remove curse
 l - a scroll of identify
 p - a scroll of enchant weapon
Potions
 f - 2 potions of stabbing {unknown}
 g - 2 potions of brilliance
 i - 2 potions of might {unknown}
 k - a potion of flight {unknown}
 n - a potion of lignification {unknown}
 q - a potion of ambrosia {unknown}


   Skills:
 - Level 2.0 Dodging
 - Level 3.0 Stealth
 + Level 0.0 Shields
 + Level 3.8 Spellcasting
 + Level 1.1 Summonings
 + Level 5.8 Ice Magic


You had 4 spell levels left.
You knew the following spells:

 Your Spells              Type           Power        Failure   Level
a - Freeze                Ice            ####         1%          1
b - Frozen Ramparts       Ice            ####..       2%          3
c - Summon Ice Beast      Ice/Summ       ###.....     21%         4

Your spell library contained the following spells:

 Spells                   Type           Power        Failure   Level
 Ozocubu's Armour         Ice            ####....     2%          3
 Summon Small Mammal      Summ           #...         6%          1
 Animate Skeleton         Necr           #.....       9%          1
 Apportation              Tloc           #.....       9%          1
 Corona                   Hex            #......      9%          1
 Hailstorm                Conj/Ice       ###.....     26%         4


Dungeon Overview and Level Annotations

Branches:
Dungeon (5/15)
 Temple: D:4-7

Altars:
Dithmenos
Okawaru
Yredelemnul

Annotations:
D:3 2 runed translucent doors, Lanoc's ghost, weakling KoHu


Innate Abilities, Weirdness & Mutations

You cannot wear most types of armour.
You are very stealthy in the water. (Stealth+)
You are amphibious.
You can wear up to eight rings at the same time.
You can use your tentacles to constrict eight enemies at once.
Your skin changes colour to match your surroundings (Stealth+).
Your rubbery body absorbs attacks. (AC +1, EV +1)


Message History

Okay, then.
a - a +0 dagger (weapon)
The helpless ice beast fails to defend itself.
You hit the ice beast.
The ice beast is moderately wounded.
The ice beast hits you. The ice beast freezes you. The ice beast hits you.
The ice beast freezes you!
You climb upwards.
There is a stone staircase leading down here.
There is an escape hatch in the ceiling here.
Okay, then.
Evoke which item? (* to show all) (? for menu, Esc to quit)
Okay, then.
Evoke which item? (* to show all) (? for menu, Esc to quit)
Press: ? - help, Shift-Dir - straight line The mass of ice explodes!
The iceblast engulfs the ice beast.
The ice beast partially resists.
The ice beast is moderately wounded.
The ice beast hits you. The ice beast freezes you!
You die...

.#....+...........+<........[..#.
.'....#...........#.....##.....#.
.#....#...........#.....##.....#.
.#...##...##########....##.....#.
.######...###....###....##.....#.
.#...#...................#.....#.
.'...'...................#.....#.
.#...#...........Y.......#.....#.
.#...#..........@........#.....#.
.#######..##########.#######...#.
.......#..###...####.##.####...##
.......#...................#.....
.......#...................#.....
.......#...................#.....
.......'...................#.....
.......#...................+.....
.......################...##...##


You could see an ice beast.

Vanquished Creatures
  Jessica (D:2)
  Natasha (D:2)
  A worker ant (D:4)
  A howler monkey skeleton (D:4)
  7 adders
  An ooze (D:4)
  2 worms
  2 dart slugs
  2 leopard geckos
  7 orcs
  A ball python (D:3)
  10 bats
  3 giant cockroaches
  6 goblins
  5 hobgoblins
  2 jackals (D:1)
  6 kobolds
  3 quokkas
  8 frilled lizards
  11 rats
80 creatures vanquished.

Vanquished Creatures (others)
  7 plants (D:3)
  A withered plant (D:3)
8 creatures vanquished.

Grand Total: 88 creatures vanquished

Notes
Turn   | Place    | Note
-------+----------+-------------------------------------------
     0 | D:1      | jt the Octopode Ice Elementalist began the quest for the
                  | Orb.
     0 | D:1      | Reached XP level 1. HP: 11/11 MP: 3/3
   400 | D:1      | Reached XP level 2. HP: 17/17 MP: 5/5
   797 | D:2      | Noticed Natasha
   987 | D:2      | Reached XP level 3. HP: 18/21 MP: 4/6
  1104 | D:2      | Learned a level 3 spell: Frozen Ramparts
  1240 | D:2      | Killed Natasha
  1240 | D:2      | Reached skill level 5 in Ice Magic
  1240 | D:2      | Reached XP level 4. HP: 20/27 MP: 4/8
  1409 | D:2      | Noticed Jessica
  1417 | D:2      | Killed Jessica
  2285 | D:3      | Found an iron altar of Okawaru.
  2293 | D:3      | Became a worshipper of Warmaster Okawaru
  2308 | D:3      | Reached XP level 5. HP: 31/31 MP: 9/9
  2533 | D:3      | Found a runed translucent door.
  2537 | D:3      | Noticed Lanoc's ghost (weakling KoHu)
  2888 | D:3      | Found a basalt altar of Yredelemnul.
  2905 | D:3      | Found a faded altar of an unknown god.
  3199 | D:3      | Found a runed translucent door.
  3206 | D:3      | Learned a level 4 spell: Summon Ice Beast
  3725 | D:4      | Reached XP level 6. HP: 36/36 MP: 8/11
  3967 | D:4      | Found a shadowy altar of Dithmenos.
  4078 | D:4      | Noticed a phantom
  4425 | D:4      | Reached skill level 1 in Summonings
  4773 | D:5      | Entered Level 5 of the Dungeon
  4773 | D:5      | Noticed an ice beast
  4791 | D:4      | Slain by an ice beast

Illustrated notes

Levels and vault maps discovered:
D:1:      mainiacjoe_arrival_reflecting_pool, layout_loops_ring,
          grunt_decor_one_mirror
D:2:      layout_basic, uniq_jessica, uniq_natasha
D:3:      layout_basic, okawaru_gym_becter, yredelemnul_altar_generic,
          ebering_ghost_sewer_f, chequers_ecumenical_altar_lobes,
          minmay_pentomino_pile
D:4:      layout_gridville, grunt_dithmenos_smoke
D:5:      layout_layer_cave, nicolae_ossuary_entry_ruins, dk_vineyard_1,
          minmay_pentangle

Skill      XL: |  1  2  3  4  5  6 |
---------------+-------------------+-----
Stealth        | 3 |  3.0
Ice Magic      | 5 |  5.8
Spellcasting   | 3 |  3.8
Summonings     | 1 |  1.1
Dodging        | |  2.0

Action                   |  1- 3 |  4- 6 || total
-------------------------+-------+-------++-------
Melee: Dagger            |    50 |    83 ||   133
       Tentacles         |     6 |    12 ||    18
       Constrict         |    13 |    18 ||    31
       Mace              |       |     7 ||     7
 Fire: Fustibalus        |       |    35 ||    35
 Cast: Freeze            |     5 |     9 ||    14
       Frozen Ramparts   |       |     9 ||     9
       Summon Ice Beast  |       |     1 ||     1
Evoke: Wand              |       |     1 ||     1
  Use: Scroll            |       |     7 ||     7
 Stab: Sleeping          |    15 |    12 ||    27
       Distracted        |       |     1 ||     1
Armor: Skin              |     3 |     9 ||    12
Dodge: Dodged            |    18 |    52 ||    70

Table legend: (Time is in decaauts)
 A = Elapsed time spent in this place.
 B = Non-inter-level travel time spent in this place.
 C = Inter-level travel time spent in this place.
 D = Time resting spent in this place.
 E = Time spent auto-exploring this place.
 F = Levels seen in this place.
 G = Mean time per level.
                   A        B        C        D        E       F      G
               +--------+--------+--------+--------+--------+-----+--------+
         Total |   4811 |   4469 |    342 |   1341 |   1956 |   5 |  962.2 |
       Dungeon |   4811 |   4469 |    342 |   1341 |   1956 |   5 |  962.2 |
               +--------+--------+--------+--------+--------+-----+--------+

Top non-repeatable levels by time:
     D:2: 1615 daAuts
     D:3: 1334 daAuts
     D:4: 1078 daAuts
     D:1: 780 daAuts
     D:5: 3 daAuts
